AoeStats
← PipoAoE

Four Lakes

503288246Analyzed
3v3 RM · 2mo ago on Aug 31, 2026· 48m 11s· 6 players
Game mode
Random Map
Map size
Normal (6 player)
Population
200
Speed
Normal
Resources
Standard
Victory
Conquest
Starting age
Dark Age
Ending age
Imperial Age
RankedLock teamsTeams togetherTeam positionsShared explorationLock speedFull tech treeHidden civsTurbo modeCheats
Victory
Defeat
🇲🇽 Dravidians · Mexico
1121
+13
🇨🇱 Sicilians · Chile
1079
+14
🇧🇴 Aztecs · Bolivia
1054
+16
vs
🇨🇱 Vietnamese · Chile
1088
-16
🇨🇱 Ethiopians · Chile
1080
-16
🇨🇱 Franks · Chile
965
-11
Cralitos
5:46 Loom
12:50 Feudal Age
13:32 Double-Bit Axe
17:33 Castle Age
17:03 Fletching
17:14 Padded Archer Armor
17:42 Crossbowman
19:17 Thumb Ring
19:16 Bodkin Arrow
24:03 Town Watch
28:27 Horse Collar
29:42 Light Cavalry
35:43 Imperial Age
35:54 Arbalester
36:39 Bracer
39:22 Chemistry
39:56 Ballistics
43:06 Conscription
46:17 Forging
46:07 Scale Mail Armor
PipoAoE
7:44 Loom
9:33 Feudal Age
10:25 Double-Bit Axe
10:21 Horse Collar
12:16 Forging
16:42 Wheelbarrow
20:21 Castle Age
18:59 Scale Mail Armor
18:55 Arson
20:00 Fishing Lines
21:46 Chain Mail Armor
21:43 Squires
23:38 Bow Saw
23:30 Heavy Plow
26:07 Hand Cart
25:38 Town Watch
25:57 Gillnets
27:45 Iron Casting
28:27 Fletching
31:01 Gold Mining
31:03 Stone Mining
31:17 Town Patrol
35:31 Imperial Age
33:03 Bodkin Arrow
34:18 Bloodlines
34:09 Husbandry
34:26 Scale Barding Armor
36:42 Chain Barding Armor
38:25 Chatras
42:05 Plate Barding Armor
42:21 Elite Battle Elephant
42:45 Elite Skirmisher
44:57 Two-Man Saw
44:28 Crop Rotation
43:38 Imperial Skirmisher
45:16 Bracer
45:16 Padded Archer Armor
Tomachela
8:04 Loom
10:43 Feudal Age
11:35 Double-Bit Axe
16:59 Gold Mining
20:07 Castle Age
18:35 Fletching
20:32 Elite Skirmisher
21:16 Padded Archer Armor
27:50 Scale Barding Armor
27:57 Forging
31:19 Wheelbarrow
31:11 Devotion
31:58 Chain Barding Armor
32:14 Iron Casting
34:39 Gold Shaft Mining
41:32 Stone Mining
43:55 Husbandry
44:17 Bodkin Arrow
45:13 Ballistics
PepoDGrizzly
7:37 Loom
9:49 Feudal Age
10:24 Double-Bit Axe
12:08 Town Watch
15:22 Horse Collar
21:17 Castle Age
21:58 Wheelbarrow
23:04 Scale Mail Armor
23:15 Forging
24:17 Stone Mining
24:41 Heavy Plow
26:59 Iron Casting
27:14 Chain Mail Armor
30:45 First Crusade
31:13 Hand Cart
31:01 Arson
31:17 Squires
37:11 Imperial Age
36:28 Pikeman
38:45 Crop Rotation
38:48 Plate Mail Armor
39:18 Blast Furnace
38:52 Halberdier
40:06 Gold Mining
40:52 Stone Shaft Mining
41:03 Conscription
43:59 Gold Shaft Mining
42:47 Elite Serjeant
Quimimoshly06
6:46 Loom
10:42 Feudal Age
12:34 Town Watch
18:32 Castle Age
17:43 Fishing Lines
20:47 Double-Bit Axe
21:21 Fletching
21:32 Padded Archer Armor
22:31 Thumb Ring
26:36 Ballistics
28:55 Bodkin Arrow
31:07 Elite Skirmisher
37:35 Wheelbarrow
38:14 Leather Archer Armor
42:07 Imperial Age
44:14 Chemistry
43:51 Conscription
45:32 Squires
44:53 Pikeman
45:55 Gold Mining
JorGui25
7:36 Loom
9:28 Feudal Age
15:43 Castle Age
14:42 Double-Bit Axe
14:38 Horse Collar
16:40 Stone Mining
19:17 Gold Mining
20:41 Eagle Warrior
21:23 Squires
22:17 Scale Mail Armor
24:02 Forging
27:05 Chain Mail Armor
28:32 Wheelbarrow
30:56 Imperial Age
29:11 Pikeman
31:07 Gold Shaft Mining
30:56 Bow Saw
30:49 Heavy Plow
31:14 Fervor
31:25 Sanctity
31:19 Town Watch
32:26 Fletching
35:07 Theocracy
34:49 Gambesons
34:50 Arson
36:30 Block Printing
36:17 Devotion
38:14 Atlatl
39:06 Bodkin Arrow
39:09 Elite Skirmisher
40:06 Redemption
40:28 Bracer
41:01 Ballistics
41:06 Conscription
41:26 Padded Archer Armor
42:06 Iron Casting
41:52 Hand Cart
42:57 Onager
44:16 Guard Tower
44:22 Murder Holes
45:23 Elite Eagle Warrior
Connection lost

Rejoining the realm…

Still unreachable

The connection could not be restored.

Session expired

The server has moved on; the page needs a fresh start.